 Dungeon Crawl Stone Soup version 0.26-a0-505-g732bf3b8d2 (webtiles) character file.

Game seed: 8909016418503708607

4671 Gargoyl the Fighter (level 10, -4/82 HPs)
             Began as a Gnoll Abyssal Knight on Aug 9, 2020.
             Was a Priest of Lugonu.
             Killed by the air
             ... invoked by Gastronok
              (32 damage)
             ... on level 9 of the Dungeon.
             The game lasted 00:11:46 (8966 turns).

Gargoyl the Fighter (Gnoll Abyssal Knight)          Turns: 8966, Time: 00:11:47

Health: -4/82      AC: 22    Str: 18    XL:     10   Next: 44%
Magic:  26/26      EV: 14    Int: 15    God:    Lugonu [***...]
Gold:   115        SH: 12    Dex: 22    Spells: 19/19 levels left

rFire    . . .     SeeInvis .   a - +5 hand axe
rCold    x . .     Faith    .   G - +1 kite shield "Diownuwag" {rC- MP+9 Dex+6 Slay+3}
rNeg     . . .     Spirit   .   C - +9 ring mail of Insatiable Hunger {Dex+2}
rPois    .         Reflect  .   m - +1 helmet
rElec    .         Harm     .   (no cloak)
rCorr    .                      p - +0 pair of gloves
MR       .....                  E - +2 pair of boots
Stlth    +++.......             d - amulet of the acrobat
HPRegen  0.23/turn              c - ring of flight
MPRegen  0.20/turn              (no ring)

@: slowed, very slow
A: distributed training, fangs 1, strong nose
a: Depart the Abyss, Bend Space, Banish, Renounce Religion, Evoke Flight


You were on level 9 of the Dungeon.
You worshipped Lugonu.
Lugonu was most pleased with you.
You visited 1 branch of the dungeon, and saw 9 of its levels.
You visited the Abyss 1 time.

You collected 615 gold pieces.
You spent 500 gold pieces at shops.

Inventory:

Hand Weapons
 a - a +5 hand axe (weapon)
 D - a +3 scimitar of flaming
Missiles
 l - 7 javelins
 q - 7 silver boomerangs (quivered)
Armour
 k - a +1 chain mail of poison resistance
 m - a +1 helmet (worn)
 p - a +0 pair of gloves (worn)
 C - the +9 ring mail of Insatiable Hunger (worn) {Dex+2}
   (You found it on level 6 of the Dungeon)

   It affects your dexterity (+2).
 E - a +2 pair of boots (worn)
 G - the +1 kite shield "Diownuwag" (worn) {rC- MP+9 Dex+6 Slay+3}
   (You bought it in a shop on level 8 of the Dungeon)

   It affects your dexterity (+6).
   It affects your accuracy and damage with ranged weapons and melee attacks
   (+3).
   It makes you vulnerable to cold.
   It affects your magic capacity (+9).
Jewellery
 c - a ring of flight (left hand)
 d - an amulet of the acrobat (around neck)
Wands
 n - a wand of flame (15)
 x - a wand of polymorph (4)
 y - a wand of random effects (16)
Scrolls
 h - 4 scrolls of teleportation
 r - a scroll of fear
 s - 5 scrolls of remove curse
 t - 2 scrolls of identify
 v - 2 scrolls of magic mapping
 w - 2 scrolls of fog
Potions
 b - a potion of ambrosia
 e - 3 potions of flight
 f - 3 potions of stabbing
 g - a potion of lignification
 i - a potion of cancellation {unknown}
 j - a potion of might {unknown}
 o - a potion of brilliance
 u - a potion of mutation {unknown}
 z - a potion of heal wounds {unknown}
 A - a potion of haste
 B - a potion of invisibility {unknown}


   Skills:
 + Level 8.5 Fighting
 + Level 5.3 Short Blades
 + Level 5.3 Long Blades
 + Level 7.1 Axes
 + Level 5.3 Maces & Flails
 + Level 5.3 Polearms
 + Level 5.3 Staves
 + Level 5.3 Slings
 + Level 5.3 Bows
 + Level 5.3 Crossbows
 + Level 5.3 Throwing
 + Level 7.1 Armour
 + Level 5.9 Dodging
 + Level 5.3 Stealth
 + Level 5.3 Shields
 + Level 5.3 Unarmed Combat
 + Level 5.3 Spellcasting
 + Level 4.3 Conjurations
 + Level 4.3 Hexes
 + Level 4.3 Summonings
 + Level 4.3 Necromancy
 + Level 4.3 Translocations
 + Level 4.3 Transmutations
 + Level 4.3 Fire Magic
 + Level 4.3 Ice Magic
 + Level 4.3 Air Magic
 + Level 4.3 Earth Magic
 + Level 4.3 Poison Magic
 + Level 7.5 Invocations
 + Level 5.3 Evocations


You had 19 spell levels left.
You didn't know any spells.
Your spell library contained the following spells:

 Spells                   Type           Power        Failure   Level
 Animate Skeleton         Necr           ###...       16%         1
 Corona                   Hex            ###....      16%         1
 Pain                     Necr           ###.         16%         1
 Ensorcelled Hibernation  Hex/Ice        ###...       22%         2
 Confusing Touch          Hex            ###.....     41%         3
 Dazzling Flash           Conj/Hex       ###...       41%         3
 Tukima's Dance           Hex            ###.....     41%         3
 Vampiric Draining        Necr           ###.......   41%         3
 Animate Dead             Necr           ###.......   83%         4
 Agony                    Necr           ###.....     99%         5


Dungeon Overview and Level Annotations

Branches:
Dungeon (9/15)             Temple (0/1) D:5
   Lair: D:8-11         Orc: D:9-12

Altars:
Fedhas
Hepliaklqana
Kikubaaqudgha
Okawaru
Sif Muna
Vehumet
Wu Jian
Xom
Yredelemnul

Shops:
D:4 ?   D:8 [

Annotations:
D:8 glosham's ghost, novice PaDe
D:9 Gastronok


Innate Abilities, Weirdness & Mutations

Your experience applies equally to all skills.
You have very sharp teeth.
Your uncanny sense of smell can sniff out nearby items.


Message History

Gastronok is severely wounded.
Gastronok's eyestalks quiver as he mumbles some strange words.
You slash Gastronok!
Gastronok is severely wounded.
Gastronok bites you.
Unknown command.
You slash Gastronok!
Gastronok is almost dead.
The river rat bites you.
You slash Gastronok!
Gastronok is almost dead.
You hit the river rat but do no damage. The river rat bites you.
Gastronok bites you!
Unknown command.
You hit Gastronok.
Gastronok is almost dead.
You hit the river rat. You block the river rat's attack.
Gastronok waves his eye-stalks in wide circles.
The air twists around and strikes you!!
You die...

#.<............ .
##....(.........
##...##.######..$.
##...###.# ##.....
#.....<..###...#...
##..........#...#..
##.##......##......
..# ##.....#r.....#
#...# #.....@w....#
....##..........##
...............)#
......?.........#
.#...#..†.....).#
#.##.............#
... #..............
...................
##................


You could see Gastronok (swift) and a river rat (summoned).

Vanquished Creatures
  Erica (D:8)
  A two-headed ogre (D:8)
  A manticore (D:7)
  A hippogriff (D:8)
  Sigmund (D:2)
  Menkaure (D:5)
  2 orc warriors
  2 sky beasts
  3 ogres
  2 ice beasts
  A hornet zombie (D:8)
  3 phantoms
  A crocodile (D:9)
  4 bullfrogs
  3 killer bees (D:7)
  6 howler monkeys
  A jelly (D:7)
  5 orc priests
  3 hounds
  2 orc wizards
  A worker ant (D:4)
  Robin (D:2)
  17 adders
  7 gnolls
  2 shadow imps
  2 white imps
  An ufetubus (D:7)
  An ooze (D:3)
  2 adder skeletons
  4 worms
  4 leopard geckos
  16 orcs
  A ball python (D:1)
  4 giant cockroaches
  6 hobgoblins
  12 jackals
  3 quokkas
  5 bats
  4 frilled lizards
  10 goblins
  9 kobolds
  A leopard gecko skeleton (D:4)
  7 rats
164 creatures vanquished.

Vanquished Creatures (others)
  6 plants (D:8)
  4 starspawn tentacles (Abyss:2)
10 creatures vanquished.

Grand Total: 174 creatures vanquished

Notes
Turn   | Place    | Note
-------+----------+-------------------------------------------
     0 | Abyss:1  | Gargoyl the Gnoll Abyssal Knight began the quest for the
                  | Orb.
     0 | Abyss:1  | Reached XP level 1. HP: 23/23 MP: 3/3
    52 | Abyss:1  | Found an ancient bone altar of Kikubaaqudgha.
    61 | Abyss:1  | Noticed a thrashing horror
    89 | Abyss:1  | Noticed a worldbinder
    93 | Abyss:2  | Found a corrupted altar of Lugonu.
   127 | Abyss:2  | Noticed a tentacled starspawn
   169 | Abyss:2  | Noticed a hellwing
   171 | Abyss:2  | Noticed a glowing orange brain
   175 | D:1      | Escaped the Abyss
   286 | D:1      | Reached XP level 2. HP: 24/29 MP: 5/5
   496 | D:1      | Reached * piety under Lugonu
   788 | D:2      | Reached XP level 3. HP: 31/35 MP: 6/6
   788 | D:2      | Noticed Robin
   813 | D:2      | Reached skill level 1 in Short Blades
   813 | D:2      | Reached skill level 1 in Long Blades
   813 | D:2      | Reached skill level 1 in Maces & Flails
   813 | D:2      | Reached skill level 1 in Polearms
   813 | D:2      | Reached skill level 1 in Staves
   813 | D:2      | Reached skill level 1 in Slings
   813 | D:2      | Reached skill level 1 in Bows
   813 | D:2      | Reached skill level 1 in Crossbows
   813 | D:2      | Reached skill level 1 in Throwing
   813 | D:2      | Reached skill level 1 in Stealth
   813 | D:2      | Reached skill level 1 in Shields
   813 | D:2      | Reached skill level 1 in Unarmed Combat
   813 | D:2      | Reached skill level 1 in Spellcasting
   813 | D:2      | Reached skill level 1 in Evocations
   830 | D:2      | Killed Robin
   830 | D:2      | Reached XP level 4. HP: 16/41 MP: 7/7
  1212 | D:2      | Reached skill level 1 in Conjurations
  1212 | D:2      | Reached skill level 1 in Hexes
  1212 | D:2      | Reached skill level 1 in Summonings
  1212 | D:2      | Reached skill level 1 in Necromancy
  1212 | D:2      | Reached skill level 1 in Translocations
  1212 | D:2      | Reached skill level 1 in Transmutations
  1212 | D:2      | Reached skill level 1 in Fire Magic
  1212 | D:2      | Reached skill level 1 in Ice Magic
  1212 | D:2      | Reached skill level 1 in Air Magic
  1212 | D:2      | Reached skill level 1 in Earth Magic
  1212 | D:2      | Reached skill level 1 in Poison Magic
  1403 | D:2      | Noticed Sigmund
  1427 | D:2      | Killed Sigmund
  1427 | D:2      | Reached skill level 5 in Invocations
  1427 | D:2      | Reached XP level 5. HP: 34/47 MP: 8/8
  1427 | D:2      | Reached XP level 6. HP: 38/53 MP: 9/9
  1549 | D:2      | Found a shimmering altar of Xom.
  1549 | D:2      | Found a shimmering altar of Xom.
  1550 | D:2      | Found a shimmering altar of Xom.
  1592 | D:2      | Found a shimmering altar of Xom.
  1887 | D:3      | Reached ** piety under Lugonu
  1925 | D:3      | Noticed a phantom
  1940 | D:3      | Killed a phantom
  1940 | D:3      | Reached skill level 5 in Axes
  1940 | D:3      | Reached skill level 5 in Armour
  2698 | D:4      | Found an iron altar of Okawaru.
  2776 | D:4      | Reached XP level 7. HP: 59/59 MP: 10/10
  2796 | D:4      | Reached skill level 7 in Fighting
  3066 | D:4      | Found Leaclywi's Magic Scroll Shoppe.
  3070 | D:4      | Bought a scroll of enchant weapon for 97 gold pieces
  3070 | D:4      | Bought a scroll of enchant weapon for 97 gold pieces
  3070 | D:4      | Bought a scroll of teleportation for 39 gold pieces
  3070 | D:4      | Bought a scroll of teleportation for 39 gold pieces
  3527 | D:5      | Entered Level 5 of the Dungeon
  3542 | D:5      | Found a staircase to the Ecumenical Temple.
  3761 | D:5      | Found a blossoming altar of Fedhas.
  4078 | D:5      | Noticed Menkaure
  4091 | D:5      | HP: 2/60 [Menkaure (9)]
  4097 | D:5      | Killed Menkaure
  4097 | D:5      | Reached XP level 8. HP: 8/67 MP: 12/12
  4712 | D:6      | Found a radiant altar of Vehumet.
  4719 | D:6      | Found an ancient bone altar of Kikubaaqudgha.
  4720 | D:6      | Found a shimmering blue altar of Sif Muna.
  4725 | D:6      | Identified Kikubaaqudgha's Grimoire of Stolen Souls
  5194 | D:6      | Got a faintly humming ring mail
  5327 | D:6      | Identified the +9 ring mail of Insatiable Hunger {Dex+2}
                  | (You found it on level 6 of the Dungeon)
  6105 | D:7      | Reached XP level 9. HP: 69/72 MP: 14/14
  6271 | D:7      | Reached *** piety under Lugonu
  6404 | D:7      | Found a basalt altar of Yredelemnul.
  6542 | D:7      | Found an ornate altar of the Wu Jian Council.
  6543 | D:7      | Noticed a manticore
  6566 | D:7      | Killed a manticore
  6566 | D:7      | Reached skill level 5 in Dodging
  6918 | D:8      | Identified the +6 spear of War {elec, *Contam rF++ rN+
                  | Int+4}
  6918 | D:8      | Identified the +0 buckler "Ilurye Vafo" {Str+3 Int-3}
  6923 | D:8      | Found a transporter.
  6924 | D:8      | Found a transporter.
  6972 | D:8      | Reached skill level 8 in Fighting
  7033 | D:8      | Noticed Erica
  7471 | D:8      | Identified the ring of Rygoqula {+Fly AC+4 Str-4 Int+2
                  | SInv}
  7513 | D:8      | Noticed glosham's ghost (novice PaDe)
  7787 | D:8      | Killed Erica
  7787 | D:8      | Reached skill level 5 in Short Blades
  7787 | D:8      | Reached skill level 5 in Long Blades
  7787 | D:8      | Reached skill level 5 in Maces & Flails
  7787 | D:8      | Reached skill level 5 in Polearms
  7787 | D:8      | Reached skill level 5 in Staves
  7787 | D:8      | Reached skill level 5 in Slings
  7787 | D:8      | Reached skill level 5 in Bows
  7787 | D:8      | Reached skill level 5 in Crossbows
  7787 | D:8      | Reached skill level 5 in Throwing
  7787 | D:8      | Reached skill level 5 in Stealth
  7787 | D:8      | Reached skill level 5 in Shields
  7787 | D:8      | Reached skill level 5 in Unarmed Combat
  7787 | D:8      | Reached skill level 5 in Spellcasting
  7787 | D:8      | Reached skill level 5 in Evocations
  7787 | D:8      | Reached XP level 10. HP: 71/81 MP: 17/17
  8218 | D:8      | Noticed a two-headed ogre
  8233 | D:8      | Killed a two-headed ogre
  8659 | D:8      | Found Jax Huotu's Antique Armour Shoppe.
  8667 | D:8      | Bought a shimmering kite shield for 228 gold pieces
  8672 | D:8      | Identified the +1 kite shield "Diownuwag" {rC- MP+9 Dex+6
                  | Slay+3} (You bought it in a shop on level 8 of the Dungeon)
  8838 | D:8      | Found a hazy altar of Hepliaklqana.
  8938 | D:9      | Noticed Gastronok
  8966 | D:9      | Killed from afar by Gastronok

Illustrated notes

Levels and vault maps discovered:
D:1:      dpeg_arrival_rooms_a, layout_rooms
D:2:      layout_loops_cross, xom_redecorated, uniq_sigmund, uniq_robin
D:3:      layout_loops_ring
D:4:      layout_rooms, serial_shops, shop_scrolls, minmay_misc_feat_room,
          okawaru_trees_1
D:5:      layout_cave_pods, fedhas_altar_fruit_tree,
          minmay_temple_entry_overgrown, uniq_menkaure
D:6:      layout_basic, grunt_temple_overflow_magic_moments, st_stairs_14,
          minmay_starry_boxes
D:7:      layout_basic, lemuel_round_altar, kennysheep_mini
D:8:      layout_basic, lemuel_coloured_pillars_altar, serial_shops, shop,
          gammafunk_ghost_gnarly_gnolls, uniq_erica
D:9:      layout_layer_cave, lemuel_crystal_altar, nicolae_gozag_seed_capital,
          erik_lair_orcish_takeover, uniq_psyche, uniq_gastronok

Skill      XL: |  1  2  3  4  5  6  7  8  9 10 |
---------------+-------------------------------+-----
Short Blades   | 1 2 3 5 |  5.3
Long Blades    | 1 2 3 5 |  5.3
Maces & Flails | 1 2 3 5 |  5.3
Polearms       | 1 2 3 5 |  5.3
Staves         | 1 2 3 5 |  5.3
Slings         | 1 2 3 5 |  5.3
Bows           | 1 2 3 5 |  5.3
Crossbows      | 1 2 3 5 |  5.3
Throwing       | 1 2 3 5 |  5.3
Stealth        | 1 2 3 5 |  5.3
Shields        | 1 2 3 5 |  5.3
Unarmed Combat | 1 2 3 5 |  5.3
Spellcasting   | 1 2 3 5 |  5.3
Evocations     | 1 2 3 5 |  5.3
Conjurations   | 1 2 3 4 |  4.3
Hexes          | 1 2 3 4 |  4.3
Summonings     | 1 2 3 4 |  4.3
Necromancy     | 1 2 3 4 |  4.3
Translocations | 1 2 3 4 |  4.3
Transmutations | 1 2 3 4 |  4.3
Fire Magic     | 1 2 3 4 |  4.3
Ice Magic      | 1 2 3 4 |  4.3
Air Magic      | 1 2 3 4 |  4.3
Earth Magic    | 1 2 3 4 |  4.3
Poison Magic   | 1 2 3 4 |  4.3
Dodging        | 3 4 5 |  5.9
Invocations    | 5 6 7 |  7.5
Axes           | 5 6 7 |  7.1
Armour         | 5 6 7 |  7.1
Fighting       | 7 8 |  8.5

Action                   |  1- 3 |  4- 6 |  7- 9 | 10-12 || total
-------------------------+-------+-------+-------+-------++-------
Melee: Hand axe          |    86 |   177 |   331 |    68 ||   662
       Bite              |     8 |    13 |    37 |    14 ||    72
       Punch             |       |     1 |     7 |     1 ||     9
Invok: Depart the Abyss  |     1 |       |       |       ||     1
  Use: Scroll            |     1 |     9 |     7 |     1 ||    18
       Potion            |     1 |       |     8 |       ||     9
 Stab: Sleeping          |       |       |     2 |       ||     2
Armor: Leather armour    |     2 |       |       |       ||     2
       Chain mail        |    52 |    75 |    54 |       ||   181
       Ring mail         |     6 |       |   127 |    11 ||   144
Dodge: Dodged            |    77 |   101 |   256 |    33 ||   467
Block: Kite shield       |       |       |       |    13 ||    13

Table legend: (Time is in decaauts)
 A = Elapsed time spent in this place.
 B = Non-inter-level travel time spent in this place.
 C = Inter-level travel time spent in this place.
 D = Time resting spent in this place.
 E = Time spent auto-exploring this place.
 F = Levels seen in this place.
 G = Mean time per level.
                   A        B        C        D        E       F      G
               +--------+--------+--------+--------+--------+-----+--------+
         Total |   9000 |   8806 |    194 |   2079 |   4901 |  11 |  818.2 |
       Dungeon |   8845 |   8651 |    194 |   2079 |   4817 |   9 |  982.8 |
         Abyss |    154 |    154 |      0 |      0 |     84 |   2 |   77.0 |
               +--------+--------+--------+--------+--------+-----+--------+

Top non-repeatable levels by time:
     D:8: 1775 daAuts
     D:7: 1461 daAuts
     D:2: 1099 daAuts
     D:6: 1077 daAuts
     D:5: 1074 daAuts
     D:3: 1048 daAuts
     D:4: 622 daAuts
     D:1: 600 daAuts
 Abyss:1: 91 daAuts
     D:9: 86 daAuts
 Abyss:2: 62 daAuts
